 Dungeon Sprint DCSS version 0.29-a0-341-g24ffce5b50 (webtiles) character file.

Game seed: 17820204970630328467

2445 howech the Cleaver (level 9, -3/86 HPs)
             Began as a Minotaur Fighter on Apr 20, 2022.
             Was a High Priest of Trog.
             Shot with an arrow by a centaur warrior (7 damage)
             ... in the Dungeon (Sprint VII: "The Pits").
             The game lasted 00:07:19 (1002 turns).

howech the Cleaver (Minotaur Fighter)               Turns: 1002, Time: 00:07:19

Health: -3/86      AC: 17    Str: 20    XL:     9   Next: 25%
Magic:  8/8        EV: 14    Int:  8    God:    Trog [*****.]
Gold:   0          SH:  7    Dex: 15    Spells: 8/8 levels left

rFire   . . .      SeeInvis .   o - +3 hand axe (vorpal)
rCold   . . .      Faith    .   c - +0 buckler
rNeg    . . .      Spirit   .   v - +4 chain mail
rPois   .          Reflect  .   (helmet restricted)
rElec   .          Harm     .   w - +0 cloak
rCorr   .          Rampage  .   (no gloves)
Will    ++...      NoTele   +   (no boots)
Stlth   ..........              (no amulet)
HPRegen 1.24/turn               g - +3 ring of intelligence
MPRegen 0.11/turn               q - +3 ring of evasion

@: strong-willed (expiring), regenerating (expiring), slowed, very slow
A: horns 2, retaliatory headbutt
a: Renounce Religion, Berserk, Trog's Hand, Brothers in Arms


You were in the Dungeon.
You worshipped Trog.
Trog was extremely pleased with you.
You visited 1 branch

Inventory:

Hand Weapons
 a - a +0 war axe
 k - a +2 hand axe
 o - a +3 vorpal hand axe (weapon)
 u - a +1 broad axe of freezing
Armour
 b - a +0 scale mail
 c - a +0 buckler (worn)
 p - a +3 chain mail
 v - a +4 chain mail (worn)
 w - a +0 cloak (worn)
Jewellery
 g - a +3 ring of intelligence (left hand)
 q - a +3 ring of evasion (right hand)
Scrolls
 j - a scroll of blinking
 m - 5 scrolls of amnesia
 n - a scroll of summoning
Potions
 d - a potion of might
 e - 7 potions of curing
 f - 10 potions of heal wounds
 h - 4 potions of magic
 i - 4 potions of berserk rage
 l - 2 potions of invisibility
 r - a potion of resistance
 s - a potion of brilliance
 t - a potion of mutation


   Skills:
 + Level 10.4 Fighting
 * Level 13.7 Axes
 + Level 10.4 Armour
 + Level 8.9 Dodging
 + Level 10.4 Shields
 + Level 7.3 Evocations


You had 8 spell levels left.
You didn't know any spells.
Your spell library was empty.

Dungeon Overview and Level Annotations

Branches:
Dungeon (1/1)

Altars:
Ashenzari
Cheibriados
Dithmenos
Elyvilon
Fedhas
Gozag
Hepliaklqana
Kikubaaqudgha
Makhleb
Nemelex Xobeh
Okawaru
Qazlal
Ru
Sif Muna
Trog
Uskayaw
Vehumet
Wu Jian
Xom
Yredelemnul
Zin
The Shining One
Beogh
Jiyva
Lugonu


Innate Abilities, Weirdness & Mutations

You have a pair of horns on your head.
You reflexively headbutt those who attack you in melee.


Message History

The centaur warrior hits you but does no damage.
The centaur warrior kicks you but does no damage.
Something hits you.
Deactivating autopickup; reactivate with Ctrl-A.
You miss something. You hit the centaur warrior.
The centaur warrior hits you but does no damage.
The centaur warrior kicks you. Something hits you!
Something drains your vigour!
You feel yourself slow down.
Unknown command.
You hit something but do no damage.
You hit the centaur warrior but do no damage.
You block the centaur warrior's attack.
The centaur warrior kicks you but does no damage.
Something hits you. Something drains your vigour!
You feel as though you will be slow longer.
The centaur warrior barely misses you.
The centaur warrior kicks you but does no damage.
You hit something. You hit the centaur warrior.
The centaur warrior hits you but does no damage.
You block the centaur warrior's attack.
The snapping turtle bites you from afar!!
Something hits you but does no damage.
Unknown command.
You slash something! You headbutt something.
You hit the centaur warrior but do no damage.
You block the centaur warrior's attack.
The centaur warrior kicks you but does no damage.
The snapping turtle closely misses you. Something hits you!
* * * LOW HITPOINT WARNING * * *
Something drains your vigour!
You feel as though you will be slow longer.
You block the centaur warrior's attack. The centaur warrior barely misses you.
Something barely misses you. The centaur warrior misses you.
The centaur warrior kicks you but does no damage.
You feel the effects of Trog's Hand fading.
The centaur warrior wields a +0 longbow.
The centaur warrior shoots an arrow.
The arrow hits you!
* * * LOW HITPOINT WARNING * * *
The centaur warrior shoots an arrow.
The arrow hits you!
You die...

####'#####''#####
#.......##''################
#.......##..#..r...........#
#.......##..##.s..t.........
#...<...##..#### #'#
#.......##..#..#####.##
#.......##..#....##r..#
#.......##..'.....#s..#
##########..'...@.c.t.+
##########..'.....#...#
...#...[##..#)...##...#
...#..[.##..#..#####.##
...'..))##..#### #+#
...#..).##..# ...#..))##..#
#############


You could see a snapping turtle, a centaur warrior and a jumping spider.

Vanquished Creatures
  A death yak (D)
  An orange demon (D)
  A molten gargoyle (D)
  A troll (D)
  A flying skull (D)
  Sigmund (D)
  Duvessa (D)
  A floating eye (D)
  2 ice beasts (D)
  A wolf (D)
  A scorpion (D)
  Dowan (D)
  A quasit (D)
  2 iguanas (D)
  An orc wizard (D)
  A gnoll (D)
  An adder (D)
  A river rat (D)
  A white imp (D)
  A worm (D)
  An orc (D)
  An endoplasm (D)
  A giant cockroach (D)
  A hobgoblin (D)
  A bat (D)
  A frilled lizard (D)
  A rat (D)
29 creatures vanquished.

Notes
Turn   | Place    | Note
-------+----------+-------------------------------------------
     0 | D        | howech the Minotaur Fighter began the quest for the Orb.
     0 | D        | Reached XP level 1. HP: 19/19 MP: 0/0
    15 | D        | Reached skill level 3 in Axes
    15 | D        | Reached skill level 1 in Dodging
    15 | D        | Reached skill level 1 in Evocations
    15 | D        | Reached XP level 2. HP: 22/27 MP: 1/1
    86 | D        | Found a glowing golden altar of the Shining One.
    86 | D        | Found a glowing silver altar of Zin.
    86 | D        | Found a basalt altar of Yredelemnul.
    86 | D        | Found a shimmering altar of Xom.
    86 | D        | Found an ornate altar of the Wu Jian Council.
    86 | D        | Found a bloodstained altar of Trog.
    86 | D        | Found a shimmering blue altar of Sif Muna.
    86 | D        | Found a sacrificial altar of Ru.
    86 | D        | Found a stormy altar of Qazlal.
    86 | D        | Found an iron altar of Okawaru.
    86 | D        | Found a sparkling altar of Nemelex Xobeh.
    86 | D        | Found a burning altar of Makhleb.
    86 | D        | Found a viscous altar of Jiyva.
    86 | D        | Found a hazy altar of Hepliaklqana.
    86 | D        | Found an opulent altar of Gozag.
    86 | D        | Found a blossoming altar of Fedhas.
    86 | D        | Found a white marble altar of Elyvilon.
    86 | D        | Found a shadowy altar of Dithmenos.
    86 | D        | Found a snail-covered altar of Cheibriados.
    87 | D        | Found a radiant altar of Vehumet.
    87 | D        | Found a corrupted altar of Lugonu.
    89 | D        | Became a worshipper of Trog the Wrathful
    94 | D        | Found a hide-covered altar of Uskayaw.
    94 | D        | Found an ancient bone altar of Kikubaaqudgha.
    94 | D        | Found a broken altar of Ashenzari.
   107 | D        | Noticed a scorpion
   109 | D        | Killed a scorpion
   110 | D        | Reached skill level 5 in Fighting
   110 | D        | Reached skill level 5 in Axes
   110 | D        | Reached skill level 5 in Armour
   110 | D        | Reached skill level 5 in Shields
   110 | D        | Reached XP level 3. HP: 35/36 MP: 2/2
   110 | D        | Reached XP level 4. HP: 40/42 MP: 3/3
   119 | D        | Reached * piety under Trog
   131 | D        | Reached ** piety under Trog
   132 | D        | Reached skill level 6 in Axes
   231 | D        | Noticed an ice beast
   240 | D        | Killed an ice beast
   241 | D        | Reached skill level 7 in Axes
   241 | D        | Reached XP level 5. HP: 43/50 MP: 4/4
   241 | D        | Noticed Sigmund
   241 | D        | Noticed a wolf
   241 | D        | Noticed Duvessa
   241 | D        | Noticed Dowan
   250 | D        | Killed a wolf
   250 | D        | Reached *** piety under Trog
   251 | D        | Reached skill level 8 in Axes
   251 | D        | Reached XP level 6. HP: 54/58 MP: 5/5
   259 | D        | Reached skill level 5 in Dodging
   262 | D        | Killed Duvessa
   263 | D        | Reached skill level 9 in Axes
   267 | D        | Killed Sigmund
   267 | D        | Reached **** piety under Trog
   268 | D        | Reached skill level 10 in Axes
   268 | D        | Reached skill level 5 in Evocations
   268 | D        | Reached XP level 7. HP: 67/67 MP: 6/6
   277 | D        | Killed Dowan
   351 | D        | Noticed a troll
   364 | D        | Killed a troll
   365 | D        | Reached skill level 11 in Axes
   389 | D        | Reached ***** piety under Trog
   494 | D        | Noticed an orange demon
   498 | D        | Paralysed by a floating eye for 4 turns
   504 | D        | Reached XP level 8. HP: 77/77 MP: 7/7
   506 | D        | Identified the +9 short sword "Zanourax" {vorpal, rPois
                  | Dex+3} (Trog gifted it to you in the Dungeon)
   506 | D        | Received a gift from Trog
   520 | D        | Killed an orange demon
   521 | D        | Reached skill level 12 in Axes
   912 | D        | Noticed a death yak
   912 | D        | Noticed a flying skull
   912 | D        | Noticed a molten gargoyle
   919 | D        | Killed a flying skull
   929 | D        | Killed a death yak
   930 | D        | Reached skill level 10 in Fighting
   930 | D        | Reached skill level 13 in Axes
   930 | D        | Reached skill level 10 in Armour
   930 | D        | Reached skill level 10 in Shields
   930 | D        | Reached XP level 9. HP: 85/85 MP: 8/8
   933 | D        | Killed a molten gargoyle
   986 | D        | Noticed a centaur warrior
  1002 | D        | HP: 4/86 [centaur warrior/arrow (16)]
  1002 | D        | Shot with an arrow by a centaur warrior

Illustrated notes

Levels and vault maps discovered:
D:        pitsprint [storerooms_1, entrance_room_1, metal_vault_1, armoury_3,
          mini_pit_1, grid_room_1, main_hall_1, silver_pit, the_coven_1,
          the_vestibule_1, steel_vault_3, golden_pit, hallway_of_sentries,
          crystal_vault_5, iron_vault_1, final_vault]

Skill      XL: |  1  2  3  4  5  6  7  8 |
---------------+-------------------------+-----
Fighting       | 4 5 6 7 8 10 | 10.4
Axes           | 3 5 7 8 10 11 13 | 13.7
Armour         | 4 5 6 7 8 10 | 10.4
Dodging        | 1 2 4 6 7 8 |  8.9
Shields        | 4 5 6 7 8 10 | 10.4
Evocations     | 1 2 3 4 5 6 7 |  7.3

Action                   |  1- 3 |  4- 6 |  7- 9 || total
-------------------------+-------+-------+-------++-------
Melee: War axe           |     6 |       |       ||     6
       Headbutt          |     2 |     9 |    20 ||    31
       Hand axe          |     2 |    40 |    71 ||   113
Invok: Trog's Hand       |       |     1 |     4 ||     5
       Berserk           |       |     1 |     2 ||     3
  Use: Potion            |       |     1 |     1 ||     2
Armor: Scale mail        |     5 |     4 |       ||     9
       Chain mail        |       |     6 |    32 ||    38
Dodge: Dodged            |     1 |    12 |    38 ||    51
Block: Buckler           |     2 |     7 |    22 ||    31

Table legend: (Time is in decaauts)
 A = Elapsed time spent in this place.
 B = Non-inter-level travel time spent in this place.
 C = Inter-level travel time spent in this place.
 D = Time resting spent in this place.
 E = Time spent auto-exploring this place.
 F = Levels seen in this place.
 G = Mean time per level.
                   A        B        C        D        E       F      G
               +--------+--------+--------+--------+--------+-----+--------+
         Total |   1001 |   1001 |      0 |    557 |      0 |   1 | 1001.0 |
       Dungeon |   1001 |   1001 |      0 |    557 |      0 |   1 | 1001.0 |
               +--------+--------+--------+--------+--------+-----+--------+

Top non-repeatable levels by time:
       D: 1001 daAuts
